Devils vs Sharks
Created - 8 novembre 2016 at 18:58
Goals
|
| Devils |
3 |
0 |
0 |
3 |
| Sharks |
2 |
1 |
2 |
5 |
|
Shots
|
| Devils |
14 |
6 |
8 |
28 |
| Sharks |
13 |
6 |
12 |
31 |
|
1st period
1. Sharks , Antoine Vermette 3 (Mike Green) at 6:03
2. Sharks , David Legwand 7 (Mike Green) at 7:39
3. Devils , Michal Rozsival 2 (Brett Maclean, Mike Komisarek) at 8:55
4. Devils , Vladimir Tarasenko 2 (Greg Zanon) at 9:58
5. Devils , Brad Richardson 3 (Gabriel Landeskog, Daniel Briere) at 16:00
Penalties :
No Penalty
2nd period
6. Sharks , Tuomo Ruutu 3 (Patrick O'Sullivan, T.J. Hensick) at 10:45
Penalties :
Greg Campbell (SJS) for Cross-checking (Minor) at 2:38, Derek Boogaard (SJS) for Hooking (Minor) at 8:37, David Legwand (SJS) for High sticking (Minor) at 17:14
3rd period
7. Sharks , Ryane Clowe 6 (Cal Clutterbuck, Antoine Vermette) at 0:27
8. Sharks , Kevin Shattenkirk 1 (David Legwand) at 10:41 (PP)
Penalties :
Greg Zanon (NJD) for Tripping (Minor) at 10:39, Derek Boogaard (SJS) for Fighting (Major) at 13:43, Mike Komisarek (NJD) for Fighting (Major) at 13:43, David Legwand (SJS) for Holding (Minor) at 13:58
Goalie Stats
Frederik Andersen (NJD), 26 saves from 31 shots - (0,839), L, 1-4-0, 60:00 minutes
Cam Ward (SJS), 25 saves from 28 shots - (0,893), W, 5-2-0, 60:00 minutes
Players Stats for Devils
Player Name G A P +/- PIM S H SB GA TA FO MP PP MP PK MP
------------------------------------------------------------------------------------
Brad Richardson 1 0 1 0 0 3 0 0 1 0 0/0 11:55 0:05 0:02
Brett Maclean 0 1 1 1 0 2 1 0 1 0 0/0 5:56 0:00 0:00
Chris Mcallister 0 0 0 0 0 2 1 1 1 0 0/4 15:10 0:00 0:00
Chris Phillips 0 0 0 -2 0 2 0 2 0 0 0/0 29:55 4:52 0:00
Damien Brunner 0 0 0 1 0 3 0 0 1 0 0/0 6:09 0:00 0:00
Daniel Briere 0 1 1 0 0 3 1 1 1 1 4/7 13:55 3:01 0:00
Gabriel Landeskog 0 1 1 0 0 1 0 0 0 0 0/0 14:17 3:18 0:00
Greg Zanon 0 1 1 2 2 1 1 1 0 1 0/0 18:46 0:00 0:00
Ilya Kovalchuk 0 0 0 -2 0 1 4 1 1 0 1/1 24:22 4:38 0:00
Jay McKee 0 0 0 -1 0 0 0 0 0 1 0/0 11:33 3:04 0:00
Karl Alzner 0 0 0 -1 0 0 4 0 0 1 0/0 20:47 4:52 0:02
Matt Duchene 0 0 0 -2 0 3 0 0 1 1 16/35 24:26 4:38 0:00
Michael Frolik 0 0 0 -1 0 1 2 0 0 1 1/1 22:40 3:01 0:00
Michal Rozsival 1 0 1 2 0 3 2 1 1 0 0/0 20:32 3:04 0:00
Mike Komisarek 0 1 1 -2 5 1 1 1 0 1 0/0 17:47 0:00 0:02
Steve Ott 0 0 0 1 0 0 0 0 0 0 2/4 7:44 0:19 0:00
Vincent Lecavalier 0 0 0 0 0 1 0 1 0 0 7/13 14:58 0:00 0:02
Vladimir Tarasenko 1 0 1 -1 0 1 1 0 0 1 0/0 19:04 4:48 0:00
Players Stats for Sharks
Player Name G A P +/- PIM S H SB GA TA FO MP PP MP PK MP
------------------------------------------------------------------------------------
Andrej Sekera 0 0 0 0 0 0 3 0 0 0 0/0 15:07 0:00 0:00
Antoine Vermette 1 1 2 1 0 2 1 0 0 1 6/10 19:06 0:00 3:31
Boris Valabik 0 0 0 0 0 0 1 0 0 0 0/0 15:07 0:00 0:00
Brad Boyes 0 0 0 0 0 3 0 0 0 0 0/3 18:56 0:02 0:00
Cal Clutterbuck 0 1 1 1 0 3 2 0 2 0 0/0 19:11 0:00 3:46
David Legwand 1 1 2 0 4 5 3 0 3 0 21/37 20:31 0:02 1:29
Derek Boogaard 0 0 0 0 7 3 0 0 1 0 0/1 19:27 0:02 1:28
Greg Campbell 0 0 0 -1 2 1 3 0 0 0 5/9 13:33 0:00 2:54
Kevin Shattenkirk 1 0 1 1 0 1 0 2 0 2 0/0 26:17 0:02 4:46
Mark Streit 0 0 0 0 0 3 0 2 0 0 0/0 18:36 0:00 3:10
Martin Erat 0 0 0 -1 0 0 0 0 0 0 0/0 10:50 0:00 0:00
Mike Green 0 2 2 1 0 4 4 1 1 1 0/0 26:17 0:02 4:46
Oskar Osala 0 0 0 -1 0 1 0 0 0 1 0/0 10:09 0:00 0:00
Patrick O'Sullivan 0 1 1 1 0 1 1 1 0 0 0/1 8:35 0:00 0:56
Ryane Clowe 1 0 1 1 0 1 0 0 0 1 0/0 17:45 0:00 1:45
Steve McCarthy 0 0 0 0 0 1 2 3 1 1 0/0 18:36 0:00 3:10
T.J. Hensick 0 1 1 1 0 1 0 0 0 1 2/4 6:28 0:00 0:00
Tuomo Ruutu 1 0 1 1 0 1 0 1 0 0 0/0 7:28 0:00 0:03
3 Stars
1 - Antoine Vermette (SJS)
2 - Mike Green (SJS)
3 - Michal Rozsival (NJD)
Power Play
Devils - 0 on 4 Attempt(s) - 0,00%
Sharks - 1 on 1 Attempt(s) - 100,00%
Penalty Kill
Devils - 0 on 1 Attempt(s) - 0,00%
- Score 0 goal in Penalty Kill
Sharks - 4 on 4 Attempt(s) - 100,00%
- Score 0 goal in Penalty Kill
Team Stat
Devils - Hits : 18 - Faceoff Wins : 31 - Blocked Shots : 9 - Penalty Minutes : 7
Sharks - Hits : 20 - Faceoff Wins : 34 - Blocked Shots : 10 - Penalty Minutes : 13
Official
Referees : Watson Brad and Walkom Stephen
Linesman : David Brisebois and Andy McElman
Game Notes
Mike Komisarek beats up Derek Boogaard at 13:43 of 3rd period
Finance
Level 1 -- Attendance: 4853 (80,88%) -- Ticket Income 436 770 $
Level 2 -- Attendance: 3676 (73,52%) -- Ticket Income 220 560 $
Level 3 -- Attendance: 1444 (72,20%) -- Ticket Income 57 760 $
Level 4 -- Attendance: 4000 (100,00%) -- Ticket Income 80 000 $
Luxury Box -- Attendance: 793 (79,30%) -- Ticket Income 142 740 $
Game was played at the Hockey Place Center.
Total Attendance: 14766 (82,03%)
Total Ticket Income: 937 830 $
Other Income: 140 674 $
Total Income: 1 078 504 $
Devils
5 vs 5 Forward
Center Left Wing Right Wing Time % Phy DF OF
1 Matt Duchene Ilya Kovalchuk Michael Frolik 40 0 2 3
2 Vincent Lecavalier Chris Mcallister Vladimir Tarasenko 30 0 2 3
3 Daniel Briere Gabriel Landeskog Brad Richardson 20 0 2 3
4 Steve Ott Brett Maclean Damien Brunner 10 0 2 3
5 vs 5 Defense
Defense Defense Time % Phy DF OF
1 Chris Phillips Mike Komisarek 40 1 2 2
2 Greg Zanon Michal Rozsival 30 1 2 2
3 Chris Phillips Karl Alzner 20 1 2 2
4 Karl Alzner Jay McKee 10 1 2 2
PowerPlay Forward
Center Left Wing Right Wing Time % Phy DF OF
1 Matt Duchene Ilya Kovalchuk Vladimir Tarasenko 60 0 2 3
2 Daniel Briere Gabriel Landeskog Michael Frolik 40 0 2 3
PowerPlay Defense
Defense Defense Time % Phy DF OF
1 Karl Alzner Chris Phillips 60 1 2 2
2 Michal Rozsival Jay McKee 40 1 2 2
Penalty Kill 4 Players Forward
Center Wing Time % Phy DF OF
1 Vincent Lecavalier Michael Frolik 60 1 2 2
2 Daniel Briere Ilya Kovalchuk 40 1 2 2
Penalty Kill 4 Players Defense
Defense Defense Time % Phy DF OF
1 Mike Komisarek Greg Zanon 60 1 2 2
2 Michal Rozsival Jay McKee 40 1 2 2
Penalty Kill - 3 Players Forward
Forward Time % Phy DF OF
1 Ilya Kovalchuk 60 1 2 2
2 Vincent Lecavalier 40 1 2 2
Penalty Kill - 3 Players Defense
Defense Defense Time % Phy DF OF
1 Michal Rozsival Greg Zanon 60 1 2 2
2 Mike Komisarek Jay McKee 40 1 2 2
4 vs 4 Forward
Center Wing Time % Phy DF OF
1 Matt Duchene Michael Frolik 60 1 2 2
2 Daniel Briere Ilya Kovalchuk 40 1 2 2
4 vs 4 Defense
Defense Defense Time % Phy DF OF
1 Michal Rozsival Greg Zanon 60 1 2 2
2 Mike Komisarek Jay McKee 40 1 2 2
Last Minutes Offensive
Center Left Wing Right Wing Defense Defense
Matt Duchene Ilya Kovalchuk Michael Frolik Michal Rozsival Greg Zanon
Last Minutes Defensive
Center Left Wing Right Wing Defense Defense
Vincent Lecavalier Ilya Kovalchuk Michael Frolik Michal Rozsival Greg Zanon
Goaltenders
Starting : Frederik Andersen
Backup : James Reimer
Extra Forwards
Normal : Matt Duchene, Steve Ott, Brad Richardson - PP : Matt Duchene, Steve Ott - PK : Brad Richardson
Extra Defensemen
Normal : Chris Phillips, Karl Alzner, Mike Komisarek - PP : Chris Phillips - PK : Karl Alzner, Mike Komisarek
Penalty Shots
Ilya Kovalchuk, Vincent Lecavalier, Daniel Briere, Michael Frolik, Matt Duchene
Sharks
5 vs 5 Forward
Center Left Wing Right Wing Time % Phy DF OF
1 David Legwand Derek Boogaard Brad Boyes 40 3 1 1
2 Antoine Vermette Ryane Clowe Cal Clutterbuck 30 3 1 1
3 Greg Campbell Oskar Osala Martin Erat 20 3 1 1
4 T.J. Hensick Tuomo Ruutu Patrick O'Sullivan 10 3 1 1
5 vs 5 Defense
Defense Defense Time % Phy DF OF
1 Mike Green Kevin Shattenkirk 40 3 1 1
2 Steve McCarthy Mark Streit 30 3 1 1
3 Andrej Sekera Boris Valabik 20 3 1 1
4 Mike Green Kevin Shattenkirk 10 3 1 1
PowerPlay Forward
Center Left Wing Right Wing Time % Phy DF OF
1 David Legwand Derek Boogaard Brad Boyes 60 2 1 2
2 Antoine Vermette Ryane Clowe Cal Clutterbuck 40 2 1 2
PowerPlay Defense
Defense Defense Time % Phy DF OF
1 Mike Green Kevin Shattenkirk 60 2 1 2
2 Steve McCarthy Mark Streit 40 2 1 2
Penalty Kill 4 Players Forward
Center Wing Time % Phy DF OF
1 Greg Campbell Cal Clutterbuck 60 3 2 0
2 Derek Boogaard Antoine Vermette 40 3 2 0
Penalty Kill 4 Players Defense
Defense Defense Time % Phy DF OF
1 Mike Green Kevin Shattenkirk 60 3 2 0
2 Steve McCarthy Mark Streit 40 3 2 0
Penalty Kill - 3 Players Forward
Forward Time % Phy DF OF
1 Greg Campbell 60 3 2 0
2 Tuomo Ruutu 40 3 2 0
Penalty Kill - 3 Players Defense
Defense Defense Time % Phy DF OF
1 Mike Green Kevin Shattenkirk 60 3 2 0
2 Steve McCarthy Mark Streit 40 3 2 0
4 vs 4 Forward
Center Wing Time % Phy DF OF
1 David Legwand Brad Boyes 60 3 1 1
2 Ryane Clowe Antoine Vermette 40 3 1 1
4 vs 4 Defense
Defense Defense Time % Phy DF OF
1 Mike Green Kevin Shattenkirk 60 3 1 1
2 Steve McCarthy Mark Streit 40 3 1 1
Last Minutes Offensive
Center Left Wing Right Wing Defense Defense
David Legwand Derek Boogaard Brad Boyes Mike Green Kevin Shattenkirk
Last Minutes Defensive
Center Left Wing Right Wing Defense Defense
David Legwand Ryane Clowe Brad Boyes Mike Green Kevin Shattenkirk
Goaltenders
Starting : Cam Ward
Backup : Mike Brodeur
Extra Forwards
Normal : Ryane Clowe, Patrick O'Sullivan, Greg Campbell - PP : Tuomo Ruutu, Patrick O'Sullivan - PK : Greg Campbell
Extra Defensemen
Normal : Andrej Sekera, Boris Valabik, Steve McCarthy - PP : Andrej Sekera - PK : Boris Valabik, Steve McCarthy
Penalty Shots
Tuomo Ruutu, Brad Boyes, Greg Campbell, T.J. Hensick, Antoine Vermette
% Time on Ice - Devils
Lines # - Real PCT - Wanted PCT - Time Play
Normal Forward
1 - 38% - 40% - 19:43
2 - 32% - 30% - 16:40
3 - 19% - 20% - 9:43
4 - 11% - 10% - 5:56
Normal Defense
1 - 38% - 40% - 19:48
2 - 33% - 30% - 17:14
3 - 14% - 20% - 7:30
4 - 14% - 10% - 7:30
PP Forward
1 - 62% - 60% - 4:55
2 - 38% - 40% - 3:01
PP Defense
1 - 61% - 60% - 4:52
2 - 39% - 40% - 3:04
PK Forward
1 - 100% - 60% - 0:02
2 - 0% - 40% - 0:00
PK Defense
1 - 100% - 60% - 0:02
2 - 0% - 40% - 0:00
PK3 Forward
1 - 0% - 60%
2 - 0% - 40%
PK3 Defense
1 - 0% - 60%
2 - 0% - 40%
44 Forward
1 - 0% - 60%
2 - 0% - 40%
44 Defense
1 - 0% - 60%
2 - 0% - 40%
Last Minute Offensive - 0:00
Last Minute Defensive - 0:00
Total
Forward - 60:00
Defense - 60:00
|
% Time on Ice - Sharks
Lines # - Real PCT - Wanted PCT - Time Play
Normal Forward
1 - 37% - 40% - 19:29
2 - 32% - 30% - 16:26
3 - 19% - 20% - 9:39
4 - 12% - 10% - 6:28
Normal Defense
1 - 37% - 40% - 19:09
2 - 30% - 30% - 15:26
3 - 29% - 20% - 15:07
4 - 4% - 10% - 2:20
PP Forward
1 - 100% - 60% - 0:02
2 - 0% - 40% - 0:00
PP Defense
1 - 100% - 60% - 0:02
2 - 0% - 40% - 0:00
PK Forward
1 - 82% - 60% - 6:30
2 - 18% - 40% - 1:26
PK Defense
1 - 60% - 60% - 4:46
2 - 40% - 40% - 3:10
PK3 Forward
1 - 0% - 60%
2 - 0% - 40%
PK3 Defense
1 - 0% - 60%
2 - 0% - 40%
44 Forward
1 - 0% - 60%
2 - 0% - 40%
44 Defense
1 - 0% - 60%
2 - 0% - 40%
Last Minute Offensive - 0:00
Last Minute Defensive - 0:00
Total
Forward - 60:00
Defense - 60:00
|
Play by Play
1st period
0:01 of 1st period - Matt Duchene wins face-off versus David Legwand in neutral zone.
0:32 of 1st period - Slapshot by Kevin Shattenkirk.
0:32 of 1st period - Shot Blocked by Mike Komisarek.
0:35 of 1st period - Icing by Mike Komisarek.
0:36 of 1st period - Greg Campbell wins face-off versus Chris Mcallister in Devils zone.
0:37 of 1st period - Slapshot by Mark Streit.
0:37 of 1st period - Stopped by Frederik Andersen with a rebound.
0:40 of 1st period - Icing by Mike Komisarek.
0:41 of 1st period - Vincent Lecavalier wins face-off versus Greg Campbell in Devils zone.
0:50 of 1st period - Wrist shot by Vincent Lecavalier.
0:50 of 1st period - Shot Blocked by Mark Streit.
1:08 of 1st period - Slapshot by Vladimir Tarasenko.
1:08 of 1st period - Shot Blocked by Mark Streit.
1:10 of 1st period - Slapshot by Mike Komisarek.
1:10 of 1st period - Stopped by Cam Ward without a rebound.
1:11 of 1st period - Antoine Vermette wins face-off versus Daniel Briere in Sharks zone.
1:26 of 1st period - Snap shot by Brad Richardson.
1:26 of 1st period - Shot Misses the Net.
1:28 of 1st period - Slapshot by Greg Zanon.
1:28 of 1st period - Stopped by Cam Ward with a rebound.
1:38 of 1st period - Andrej Sekera is hit by Michal Rozsival and loses puck.
2:12 of 1st period - Icing by Brad Boyes.
2:13 of 1st period - Daniel Briere wins face-off versus David Legwand in Sharks zone.
2:46 of 1st period - Andrej Sekera is hit by Michael Frolik and loses puck.
3:16 of 1st period - Slapshot by Mike Green.
3:16 of 1st period - Stopped by Frederik Andersen without a rebound.
3:17 of 1st period - David Legwand wins face-off versus Steve Ott in Devils zone.
3:20 of 1st period - Slapshot by David Legwand.
3:20 of 1st period - Stopped by Frederik Andersen without a rebound.
3:21 of 1st period - Steve Ott wins face-off versus David Legwand in Devils zone.
3:21 of 1st period - Steve Ott is hit by David Legwand.
3:52 of 1st period - Slapshot by Mike Green.
3:52 of 1st period - Stopped by Frederik Andersen without a rebound.
3:53 of 1st period - Matt Duchene wins face-off versus T.J. Hensick in Devils zone.
3:53 of 1st period - Matt Duchene is hit by Patrick O'Sullivan.
4:11 of 1st period - Slapshot by Matt Duchene.
4:11 of 1st period - Deflect By Ilya Kovalchuk.
4:11 of 1st period - Shot Blocked by Tuomo Ruutu.
4:11 of 1st period - Puck is out of play.
4:12 of 1st period - David Legwand wins face-off versus Chris Mcallister in Sharks zone.
4:44 of 1st period - Wrist shot by Brad Richardson.
4:44 of 1st period - Shot Blocked by Steve McCarthy.
4:48 of 1st period - Wrist shot by Daniel Briere.
4:48 of 1st period - Shot Blocked by Steve McCarthy.
5:20 of 1st period - Damien Brunner is hit by Steve McCarthy.
6:03 of 1st period - Snap shot by Antoine Vermette.
6:03 of 1st period - Goal by Antoine Vermette - Devils : 0 - Sharks : 1.
6:04 of 1st period - Matt Duchene wins face-off versus Brad Boyes in neutral zone.
6:09 of 1st period - Slapshot by Michael Frolik.
6:09 of 1st period - Stopped by Cam Ward with a rebound.
6:36 of 1st period - Mike Komisarek is hit by Cal Clutterbuck and loses puck.
7:21 of 1st period - Snap shot by Brett Maclean.
7:21 of 1st period - Stopped by Cam Ward with a rebound.
7:23 of 1st period - Slapshot by Chris Phillips.
7:23 of 1st period - Stopped by Cam Ward with a rebound.
7:25 of 1st period - Slapshot by Chris Phillips.
7:25 of 1st period - Stopped by Cam Ward without a rebound.
7:26 of 1st period - David Legwand wins face-off versus Matt Duchene in Sharks zone.
7:39 of 1st period - Snap shot by David Legwand.
7:39 of 1st period - Goal by David Legwand - Devils : 0 - Sharks : 2.
7:40 of 1st period - David Legwand wins face-off versus Matt Duchene in neutral zone.
8:30 of 1st period - Snap shot by T.J. Hensick.
8:30 of 1st period - Deflect By Mike Komisarek.
8:30 of 1st period - Stopped by Frederik Andersen with a rebound.
8:48 of 1st period - Greg Campbell is hit by Brett Maclean and loses puck.
8:53 of 1st period - Wrist shot by Brett Maclean.
8:53 of 1st period - Stopped by Cam Ward with a rebound.
8:55 of 1st period - Snap shot by Michal Rozsival.
8:55 of 1st period - Goal by Michal Rozsival - Devils : 1 - Sharks : 2.
8:56 of 1st period - David Legwand wins face-off versus Matt Duchene in neutral zone.
9:03 of 1st period - Wrist shot by Brad Boyes.
9:03 of 1st period - Stopped by Frederik Andersen without a rebound.
9:04 of 1st period - David Legwand wins face-off versus Matt Duchene in Devils zone.
9:42 of 1st period - Slapshot by Mike Green.
9:42 of 1st period - Stopped by Frederik Andersen without a rebound.
9:43 of 1st period - Antoine Vermette wins face-off versus Vincent Lecavalier in Devils zone.
9:58 of 1st period - Snap shot by Vladimir Tarasenko.
9:58 of 1st period - Goal by Vladimir Tarasenko - Devils : 2 - Sharks : 2.
9:59 of 1st period - David Legwand wins face-off versus Vincent Lecavalier in neutral zone.
10:51 of 1st period - Snap shot by Daniel Briere.
10:51 of 1st period - Shot Blocked by Steve McCarthy.
11:05 of 1st period - Mike Komisarek is hit by David Legwand and loses puck.
11:12 of 1st period - Wrist shot by David Legwand.
11:12 of 1st period - Stopped by Frederik Andersen without a rebound.
11:13 of 1st period - Antoine Vermette wins face-off versus Matt Duchene in Devils zone.
11:52 of 1st period - Snap shot by David Legwand.
11:52 of 1st period - Stopped by Frederik Andersen with a rebound.
12:29 of 1st period - Tuomo Ruutu is hit by Karl Alzner and loses puck.
13:53 of 1st period - Cal Clutterbuck is hit by Karl Alzner and loses puck.
14:34 of 1st period - Backhand shot by Damien Brunner.
14:34 of 1st period - Shot Misses the Net.
14:36 of 1st period - Backhand shot by Mike Komisarek.
14:36 of 1st period - Shot Misses the Net.
14:38 of 1st period - Snap shot by Damien Brunner.
14:38 of 1st period - Stopped by Cam Ward without a rebound.
14:39 of 1st period - Matt Duchene wins face-off versus David Legwand in Sharks zone.
14:55 of 1st period - Icing by Chris Phillips.
14:56 of 1st period - Matt Duchene wins face-off versus Antoine Vermette in Devils zone.
15:07 of 1st period - Wrist shot by Ilya Kovalchuk.
15:07 of 1st period - Shot Misses the Net.
15:09 of 1st period - Slapshot by Ilya Kovalchuk.
15:09 of 1st period - Shot Misses the Net.
15:11 of 1st period - Snap shot by Matt Duchene.
15:11 of 1st period - Shot Blocked by Mike Green.
15:46 of 1st period - Icing by Mike Green.
15:47 of 1st period - Daniel Briere wins face-off versus David Legwand in Sharks zone.
15:54 of 1st period - Slapshot by Daniel Briere.
15:54 of 1st period - Shot Blocked by Kevin Shattenkirk.
15:56 of 1st period - Snap shot by Daniel Briere.
15:56 of 1st period - Stopped by Cam Ward with a rebound.
15:58 of 1st period - Snap shot by Gabriel Landeskog.
15:58 of 1st period - Stopped by Cam Ward with a rebound.
16:00 of 1st period - Wrist shot by Brad Richardson.
16:00 of 1st period - Goal by Brad Richardson - Devils : 3 - Sharks : 2.
16:01 of 1st period - Vincent Lecavalier wins face-off versus David Legwand in neutral zone.
16:14 of 1st period - Slapshot by Brad Boyes.
16:14 of 1st period - Stopped by Frederik Andersen with a rebound.
17:25 of 1st period - Slapshot by Vincent Lecavalier.
17:25 of 1st period - Shot Misses the Net.
17:41 of 1st period - Snap shot by Damien Brunner.
17:41 of 1st period - Stopped by Cam Ward with a rebound.
17:46 of 1st period - Icing by Antoine Vermette.
17:47 of 1st period - Matt Duchene wins face-off versus Antoine Vermette in Sharks zone.
18:57 of 1st period - Ilya Kovalchuk is hit by Antoine Vermette.
19:15 of 1st period - Snap shot by Antoine Vermette.
19:15 of 1st period - Shot Misses the Net.
19:17 of 1st period - Slapshot by Andrej Sekera.
19:17 of 1st period - Shot Misses the Net.
19:19 of 1st period - Snap shot by Andrej Sekera.
19:19 of 1st period - Shot Misses the Net.
19:21 of 1st period - Snap shot by Cal Clutterbuck.
19:21 of 1st period - Stopped by Frederik Andersen without a rebound.
19:22 of 1st period - David Legwand wins face-off versus Chris Mcallister in Devils zone.
Goals for this period are 3 for Devils vs 2 for Sharks.
Shots for this period are 14 for Devils vs 13 for Sharks.
2nd period
0:01 of 2nd period - Vincent Lecavalier wins face-off versus David Legwand in neutral zone.
0:26 of 2nd period - Chris Phillips is hit by Cal Clutterbuck and loses puck.
0:39 of 2nd period - Slapshot by Chris Phillips.
0:39 of 2nd period - Deflect By Chris Mcallister.
0:39 of 2nd period - Stopped by Cam Ward without a rebound.
0:40 of 2nd period - David Legwand wins face-off versus Matt Duchene in Sharks zone.
0:51 of 2nd period - Wrist shot by Derek Boogaard.
0:51 of 2nd period - Stopped by Frederik Andersen without a rebound.
0:52 of 2nd period - David Legwand wins face-off versus Matt Duchene in Devils zone.
1:26 of 2nd period - Slapshot by Mike Green.
1:26 of 2nd period - Shot Blocked by Chris Phillips.
1:58 of 2nd period - Slapshot by David Legwand.
1:58 of 2nd period - Stopped by Frederik Andersen without a rebound.
1:59 of 2nd period - David Legwand wins face-off versus Steve Ott in Devils zone.
2:12 of 2nd period - Wrist shot by Damien Brunner.
2:12 of 2nd period - Shot Misses the Net.
2:24 of 2nd period - Boris Valabik is hit by Michal Rozsival and loses puck.
2:38 of 2nd period - Minor Penalty to Greg Campbell for Cross-checking.
2:39 of 2nd period - Matt Duchene wins face-off versus Antoine Vermette in Sharks zone.
2:45 of 2nd period - Wrist shot by Matt Duchene.
2:45 of 2nd period - Stopped by Cam Ward without a rebound.
2:46 of 2nd period - Antoine Vermette wins face-off versus Matt Duchene in Sharks zone.
4:38 of 2nd period - Penalty to Greg Campbell is over, Greg Campbell is back on ice.
5:40 of 2nd period - Martin Erat is hit by Greg Zanon and loses puck.
5:54 of 2nd period - Off-side.
5:55 of 2nd period - Steve Ott wins face-off versus T.J. Hensick in neutral zone.
7:10 of 2nd period - Kevin Shattenkirk is hit by Mike Komisarek and loses puck.
7:57 of 2nd period - Wrist shot by Antoine Vermette.
7:57 of 2nd period - Stopped by Frederik Andersen without a rebound.
7:58 of 2nd period - David Legwand wins face-off versus Matt Duchene in Devils zone.
8:11 of 2nd period - Slapshot by Derek Boogaard.
8:11 of 2nd period - Stopped by Frederik Andersen with a rebound.
8:32 of 2nd period - Snap shot by Brad Richardson.
8:32 of 2nd period - Stopped by Cam Ward without a rebound.
8:33 of 2nd period - Daniel Briere wins face-off versus David Legwand in Sharks zone.
8:37 of 2nd period - Minor Penalty to Derek Boogaard for Hooking.
8:38 of 2nd period - Greg Campbell wins face-off versus Matt Duchene in Sharks zone.
10:37 of 2nd period - Penalty to Derek Boogaard is over, Derek Boogaard is back on ice.
10:37 of 2nd period - Icing by Chris Phillips.
10:38 of 2nd period - T.J. Hensick wins face-off versus Matt Duchene in Devils zone.
10:45 of 2nd period - Slapshot by Tuomo Ruutu.
10:45 of 2nd period - Goal by Tuomo Ruutu - Devils : 3 - Sharks : 3.
10:46 of 2nd period - Daniel Briere wins face-off versus Derek Boogaard in neutral zone.
11:13 of 2nd period - Oskar Osala is hit by Ilya Kovalchuk and loses puck.
11:38 of 2nd period - Slapshot by Vladimir Tarasenko.
11:38 of 2nd period - Shot Misses the Net.
11:52 of 2nd period - Karl Alzner is hit by Steve McCarthy and loses puck.
12:15 of 2nd period - Snap shot by Vincent Lecavalier.
12:15 of 2nd period - Stopped by Cam Ward without a rebound.
12:16 of 2nd period - Michael Frolik wins face-off versus Brad Boyes in Sharks zone.
12:17 of 2nd period - Wrist shot by Ilya Kovalchuk.
12:17 of 2nd period - Shot Blocked by Kevin Shattenkirk.
12:23 of 2nd period - Matt Duchene is hit by Mike Green and loses puck.
12:49 of 2nd period - Chris Phillips is hit by Andrej Sekera.
13:12 of 2nd period - Snap shot by Patrick O'Sullivan.
13:12 of 2nd period - Shot Misses the Net.
13:14 of 2nd period - Wrist shot by Andrej Sekera.
13:14 of 2nd period - Shot Misses the Net.
13:28 of 2nd period - Snap shot by Ilya Kovalchuk.
13:28 of 2nd period - Shot Misses the Net.
13:42 of 2nd period - Wrist shot by Cal Clutterbuck.
13:42 of 2nd period - Stopped by Frederik Andersen with a rebound.
13:44 of 2nd period - Slapshot by Kevin Shattenkirk.
13:44 of 2nd period - Deflect By Cal Clutterbuck.
13:44 of 2nd period - Shot Blocked by Chris Mcallister.
13:44 of 2nd period - Puck is out of play.
13:45 of 2nd period - Greg Campbell wins face-off versus Vincent Lecavalier in Devils zone.
13:45 of 2nd period - Kevin Shattenkirk is hit by Karl Alzner and loses puck.
14:10 of 2nd period - Brad Boyes is hit by Ilya Kovalchuk and loses puck.
14:33 of 2nd period - Cal Clutterbuck is hit by Daniel Briere and loses puck.
15:21 of 2nd period - Icing by Mark Streit.
15:22 of 2nd period - David Legwand wins face-off versus Matt Duchene in Sharks zone.
15:48 of 2nd period - Off-side.
15:49 of 2nd period - Vincent Lecavalier wins face-off versus Greg Campbell in neutral zone.
15:58 of 2nd period - Backhand shot by Vincent Lecavalier.
15:58 of 2nd period - Shot Misses the Net.
16:25 of 2nd period - Snap shot by Daniel Briere.
16:25 of 2nd period - Stopped by Cam Ward without a rebound.
16:26 of 2nd period - David Legwand wins face-off versus Matt Duchene in Sharks zone.
16:31 of 2nd period - Wrist shot by Ilya Kovalchuk.
16:31 of 2nd period - Stopped by Cam Ward without a rebound.
16:32 of 2nd period - Ilya Kovalchuk wins face-off versus David Legwand in Sharks zone.
17:14 of 2nd period - Minor Penalty to David Legwand for High sticking.
17:15 of 2nd period - Greg Campbell wins face-off versus Daniel Briere in Sharks zone.
18:29 of 2nd period - Kevin Shattenkirk is hit by Vladimir Tarasenko and loses puck.
19:14 of 2nd period - Penalty to David Legwand is over, David Legwand is back on ice.
19:49 of 2nd period - Snap shot by Vincent Lecavalier.
19:49 of 2nd period - Shot Misses the Net.
19:51 of 2nd period - Slapshot by Chris Phillips.
19:51 of 2nd period - Shot Misses the Net.
Goals for this period are 0 for Devils vs 1 for Sharks.
Shots for this period are 6 for Devils vs 6 for Sharks.
3rd period
0:01 of 3rd period - Matt Duchene wins face-off versus David Legwand in neutral zone.
0:23 of 3rd period - Icing by Mike Komisarek.
0:24 of 3rd period - Antoine Vermette wins face-off versus Chris Mcallister in Devils zone.
0:25 of 3rd period - Slapshot by Cal Clutterbuck.
0:25 of 3rd period - Shot Blocked by Chris Phillips.
0:27 of 3rd period - Wrist shot by Ryane Clowe.
0:27 of 3rd period - Goal by Ryane Clowe - Devils : 3 - Sharks : 4.
0:28 of 3rd period - David Legwand wins face-off versus Matt Duchene in neutral zone.
0:37 of 3rd period - Snap shot by David Legwand.
0:37 of 3rd period - Shot Misses the Net.
0:39 of 3rd period - Wrist shot by Brad Boyes.
0:39 of 3rd period - Stopped by Frederik Andersen with a rebound.
0:55 of 3rd period - Mike Green is hit by Chris Mcallister and loses puck.
1:18 of 3rd period - Slapshot by Mark Streit.
1:18 of 3rd period - Shot Blocked by Daniel Briere.
1:20 of 3rd period - Wrist shot by Steve McCarthy.
1:20 of 3rd period - Stopped by Frederik Andersen without a rebound.
1:21 of 3rd period - T.J. Hensick wins face-off versus Matt Duchene in Devils zone.
1:33 of 3rd period - Icing by Matt Duchene.
1:34 of 3rd period - David Legwand wins face-off versus Matt Duchene in Devils zone.
1:59 of 3rd period - Slapshot by Michal Rozsival.
1:59 of 3rd period - Stopped by Cam Ward with a rebound.
2:01 of 3rd period - Slapshot by Greg Zanon.
2:01 of 3rd period - Shot Misses the Net.
2:03 of 3rd period - Snap shot by Chris Mcallister.
2:03 of 3rd period - Stopped by Cam Ward without a rebound.
2:04 of 3rd period - Vincent Lecavalier wins face-off versus Antoine Vermette in Sharks zone.
2:34 of 3rd period - Derek Boogaard is hit by Ilya Kovalchuk and loses puck.
2:59 of 3rd period - Slapshot by Greg Campbell.
2:59 of 3rd period - Stopped by Frederik Andersen without a rebound.
3:00 of 3rd period - Vincent Lecavalier wins face-off versus David Legwand in Devils zone.
3:00 of 3rd period - Vladimir Tarasenko is hit by David Legwand.
3:14 of 3rd period - Slapshot by David Legwand.
3:14 of 3rd period - Shot Blocked by Greg Zanon.
3:16 of 3rd period - Snap shot by Derek Boogaard.
3:16 of 3rd period - Shot Blocked by Michal Rozsival.
3:32 of 3rd period - Wrist shot by Ryane Clowe.
3:32 of 3rd period - Deflect By Cal Clutterbuck.
3:32 of 3rd period - Stopped by Frederik Andersen with a rebound.
3:58 of 3rd period - Snap shot by Gabriel Landeskog.
3:58 of 3rd period - Deflect By Daniel Briere.
3:58 of 3rd period - Shot Blocked by Patrick O'Sullivan.
3:58 of 3rd period - Puck is out of play.
3:59 of 3rd period - Matt Duchene wins face-off versus David Legwand in Sharks zone.
4:26 of 3rd period - Vladimir Tarasenko is hit by Mike Green.
4:48 of 3rd period - Snap shot by Patrick O'Sullivan.
4:48 of 3rd period - Stopped by Frederik Andersen without a rebound.
4:49 of 3rd period - Matt Duchene wins face-off versus Patrick O'Sullivan in Devils zone.
5:40 of 3rd period - Brad Richardson is hit by Andrej Sekera and loses puck.
5:50 of 3rd period - Off-side.
5:51 of 3rd period - David Legwand wins face-off versus Matt Duchene in neutral zone.
5:59 of 3rd period - Matt Duchene is hit by Mike Green and loses puck.
6:37 of 3rd period - Gabriel Landeskog is hit by Greg Campbell.
6:41 of 3rd period - Slapshot by Mike Green.
6:41 of 3rd period - Stopped by Frederik Andersen without a rebound.
6:42 of 3rd period - Matt Duchene wins face-off versus Greg Campbell in Devils zone.
6:47 of 3rd period - Slapshot by Martin Erat.
6:47 of 3rd period - Shot Misses the Net.
6:49 of 3rd period - Slapshot by Mark Streit.
6:49 of 3rd period - Stopped by Frederik Andersen with a rebound.
6:51 of 3rd period - Slapshot by Mark Streit.
6:51 of 3rd period - Stopped by Frederik Andersen with a rebound.
6:53 of 3rd period - Slapshot by Oskar Osala.
6:53 of 3rd period - Shot Misses the Net.
6:55 of 3rd period - Snap shot by Greg Campbell.
6:55 of 3rd period - Shot Misses the Net.
7:05 of 3rd period - Slapshot by Oskar Osala.
7:05 of 3rd period - Stopped by Frederik Andersen without a rebound.
7:06 of 3rd period - David Legwand wins face-off versus Vincent Lecavalier in Devils zone.
7:09 of 3rd period - Snap shot by Brad Boyes.
7:09 of 3rd period - Deflect By Chris Mcallister.
7:09 of 3rd period - Shot Misses the Net.
7:09 of 3rd period - Puck is out of play.
7:10 of 3rd period - David Legwand wins face-off versus Vincent Lecavalier in Devils zone.
7:11 of 3rd period - Slapshot by Brad Boyes.
7:11 of 3rd period - Shot Misses the Net.
7:19 of 3rd period - Snap shot by Brad Boyes.
7:19 of 3rd period - Shot Blocked by Vincent Lecavalier.
8:07 of 3rd period - Wrist shot by Brad Richardson.
8:07 of 3rd period - Stopped by Cam Ward with a rebound.
9:08 of 3rd period - Ryane Clowe is hit by Michael Frolik and loses puck.
9:13 of 3rd period - Wrist shot by Matt Duchene.
9:13 of 3rd period - Stopped by Cam Ward without a rebound.
9:14 of 3rd period - David Legwand wins face-off versus Daniel Briere in Sharks zone.
9:27 of 3rd period - Wrist shot by Daniel Briere.
9:27 of 3rd period - Shot Misses the Net.
9:47 of 3rd period - Snap shot by Cal Clutterbuck.
9:47 of 3rd period - Shot Blocked by Ilya Kovalchuk.
10:26 of 3rd period - Michael Frolik is hit by Andrej Sekera and loses puck.
10:39 of 3rd period - Minor Penalty to Greg Zanon for Tripping.
10:40 of 3rd period - David Legwand wins face-off versus Vincent Lecavalier in Devils zone.
10:41 of 3rd period - Wrist shot by Kevin Shattenkirk.
10:41 of 3rd period - Goal by Kevin Shattenkirk - Devils : 3 - Sharks : 5.
10:42 of 3rd period - Vincent Lecavalier wins face-off versus David Legwand in neutral zone.
10:52 of 3rd period - Icing by Mike Green.
10:53 of 3rd period - Matt Duchene wins face-off versus Brad Boyes in Sharks zone.
11:25 of 3rd period - Wrist shot by Derek Boogaard.
11:25 of 3rd period - Stopped by Frederik Andersen without a rebound.
11:26 of 3rd period - Antoine Vermette wins face-off versus Matt Duchene in Devils zone.
11:35 of 3rd period - Cal Clutterbuck is hit by Ilya Kovalchuk and loses puck.
11:52 of 3rd period - Vladimir Tarasenko is hit by Greg Campbell and loses puck.
12:41 of 3rd period - Slapshot by Damien Brunner.
12:41 of 3rd period - Stopped by Cam Ward without a rebound.
12:42 of 3rd period - Matt Duchene wins face-off versus David Legwand in Sharks zone.
13:38 of 3rd period - Wrist shot by Brad Richardson.
13:38 of 3rd period - Shot Misses the Net.
13:40 of 3rd period - Slapshot by Mike Komisarek.
13:40 of 3rd period - Deflect By Daniel Briere.
13:40 of 3rd period - Stopped by Cam Ward without a rebound.
13:41 of 3rd period - Matt Duchene wins face-off versus David Legwand in Sharks zone.
13:43 of 3rd period - Mike Komisarek beats up Derek Boogaard.
13:43 of 3rd period - Penalty to Derek Boogaard for Fighting.
13:43 of 3rd period - Penalty to Mike Komisarek for Fighting.
13:44 of 3rd period - Matt Duchene wins face-off versus David Legwand in Sharks zone.
13:58 of 3rd period - Minor Penalty to David Legwand for Holding.
13:59 of 3rd period - Greg Campbell wins face-off versus Matt Duchene in Sharks zone.
14:03 of 3rd period - Snap shot by Matt Duchene.
14:03 of 3rd period - Stopped by Cam Ward without a rebound.
14:04 of 3rd period - Matt Duchene wins face-off versus Greg Campbell in Sharks zone.
15:31 of 3rd period - Matt Duchene is hit by Mike Green and loses puck.
15:58 of 3rd period - Penalty to David Legwand is over, David Legwand is back on ice.
16:08 of 3rd period - Brad Boyes is hit by Karl Alzner and loses puck.
16:23 of 3rd period - Greg Zanon is hit by Boris Valabik and loses puck.
16:46 of 3rd period - Snap shot by Michal Rozsival.
16:46 of 3rd period - Stopped by Cam Ward with a rebound.
18:19 of 3rd period - Brad Richardson is hit by Greg Campbell and loses puck.
Goals for this period are 0 for Devils vs 2 for Sharks.
Shots for this period are 8 for Devils vs 12 for Sharks.
Back to the Top